 Dungeon Crawl Stone Soup version 0.22-a0-77-g0fd0111 (webtiles) character file.

176 oplop the Chiller (level 5, 0/51 HPs)
             Began as an Octopode Ice Elementalist on Jan 15, 2018.
             Succumbed to a worker ant's poison
             ... on level 4 of the Dungeon.
             The game lasted 00:08:03 (2624 turns).

oplop the Chiller (Octopode Ice Elementalist)       Turns: 2624, Time: 00:08:04

Health: 0/51       AC: 25    Str:  8    XL:     5   Next: 56%
Magic:  3/9        EV:  2    Int: 23    God:
Gold:   227        SH:  0    Dex: 17    Spells: 6/10 levels left

rFire    . . .     SeeInvis .   (no weapon)
rCold    . . .     Gourm    .   (no shield)
rNeg     + + +     Faith    .   (helmet currently unavailable)
rPois    +         Spirit   .   (no amulet)
rElec    .         Reflect  .   o - +3 ring of protection
rCorr    .         Harm     .   e - ring of wizardry
MR       .....     NoTele   +   (no ring)
Stlth    +++.......             (no ring)
HPRegen  0.17/turn              (no ring)
MPRegen  0.11/turn              (no ring)
                                (no ring)
                                (no ring)

@: brilliant, agile, lethally poisoned (0 -> -9), tree-form
A: almost no armour, stealthy swim, (amphibious), 8 rings, (constrict 8)
a: no special abilities


You were on level 4 of the Dungeon.
You were hungry.
You were a tree.
You visited 1 branch of the dungeon, and saw 4 of its levels.

You collected 227 gold pieces.

Inventory:

Jewellery
 e - a ring of wizardry (right branch)
 o - a +3 ring of protection (left branch)
Wands
 l - a wand of flame (32)
 r - a wand of random effects (22)
Scrolls
 c - a scroll of random uselessness {unknown}
 d - 3 scrolls of remove curse {unknown}
 g - 9 scrolls of identify {unknown}
 i - 2 scrolls of noise {unknown}
 j - 2 scrolls of teleportation {unknown}
 q - a scroll of amnesia {unknown}
 t - a scroll of magic mapping {unknown}
Potions
 f - a potion of brilliance
 h - a potion of heal wounds {unknown}
 k - a potion of agility
 m - a potion of ambrosia {unknown}
 n - 2 potions of magic {unknown}
 s - 2 potions of flight {unknown}
Books
 a - a book of Frost

   Spells                             Type                      Level
   a - Freeze                         Ice                          1
   b - Throw Frost                    Conjuration/Ice              2
   c - Ozocubu's Armour               Charms/Ice                   3
   d - Throw Icicle                   Conjuration/Ice              4
   e - Summon Ice Beast               Ice/Summoning                4
Comestibles
 b - 8 rations


   Skills:
 + Level 1.8 Fighting
 + Level 2.8 Dodging
 - Level 2.6 Stealth
 * Level 3.3 Spellcasting
   Level 1.0 Conjurations
 * Level 4.2 Ice Magic


You had 6 spell levels left.
You knew the following spells:

 Your Spells              Type           Power        Failure   Level  Hunger
a - Freeze                Ice            ####         1%          1    None
b - Ozocubu's Armour      Chrm/Ice       ####....     1%          3    ###....


Dungeon Overview and Level Annotations

Branches:
Dungeon (4/15)
 Temple: D:4-7

Altars:
Makhleb
Nemelex Xobeh
Qazlal

Annotations:
D:1 1 runed door
D:2 Sigmund
D:3 Paulus's ghost, amateur FoFi


Innate Abilities, Weirdness & Mutations

You cannot wear most types of armour.
You are very stealthy in the water. (Stealth+)
((You are amphibious.))
You can wear up to eight rings at the same time.
((You can use your tentacles to constrict eight enemies at once.))
((Your skin changes colour to match your surroundings (Stealth+).))
((Your rubbery body absorbs attacks. (AC +1, EV +1)))


Message History

Press: ? - help, Shift-Dir - straight line, f/p - worker ant
Aim: a worker ant (almost dead)
You freeze the worker ant.
You kill the worker ant!
* * * LOW HITPOINT WARNING * * *
You feel sick.
Casting: Freeze
Confirm with . or Enter, or press ? or * to list all spells.
You can't see any susceptible monsters within range! (Use Z to cast anyway.) It was a potion of brilliance.
You feel clever all of a sudden.
* * * LOW HITPOINT WARNING * * *
You feel sick.
It was a potion of agility.
You feel agile all of a sudden.
* * * LOW HITPOINT WARNING * * *
You feel sick.
It was a potion of lignification.
You turn into a tree.
Your roots penetrate the ground.
You die...

#. #### #### ##.
#.#†#...# ...#####
##.#♣.# .......#
#.#..##
.......#######..##
............#..##
.......####...##
.......# ###..#
.....#.# ##[.#
##+#'#.# #..#
....<..# #..#


There were no monsters in sight!

Vanquished Creatures
  A worker ant (D:4)
  8 adders
  2 oozes
  3 dart slugs
  2 leopard geckos
  6 giant cockroaches
  6 goblins
  10 hobgoblins
  6 jackals
  2 kobolds
  2 quokkas
  A ball python (D:3)
  4 bats
  5 frilled lizards
  5 rats
63 creatures vanquished.

Notes
Turn   | Place    | Note
-------+----------+-------------------------------------------
     0 | D:1      | oplop the Octopode Ice Elementalist began the quest for the Orb.
     0 | D:1      | Reached XP level 1. HP: 11/11 MP: 3/3
     1 | D:1      | Found a runed door.
   155 | D:1      | Reached XP level 2. HP: 7/18 MP: 0/5
   487 | D:1      | Reached XP level 3. HP: 12/22 MP: 4/6
   713 | D:1      | Reached skill level 1 in Fighting
   935 | D:2      | Reached XP level 4. HP: 18/28 MP: 0/8
  1092 | D:2      | Wingboner: Ну а ты чего хотел? СПОЙЛЕРНАЯ ИЗЛИШНЯЯ МЕХАНИКА, такое нынче не живёт.
  1092 | D:2      | oplop: а тебя какими судьбами сюда занесло то?
  1092 | D:2      | oplop: смотрю, пол года не играл
  1133 | D:2      | Found a burning altar of Makhleb.
  1165 | D:2      | Wingboner: !lm .
  1170 | D:2      | beem: 37720. [2018-01-12 16:35:08] casual the Chopper (L1 TeBe of Trog) began the quest for the Orb on turn 0. (D:1)
  1193 | D:2      | oplop: а, блет
  1193 | D:2      | oplop: ты ж кэжул
  1205 | D:2      | Wingboner: !nick .
  1205 | D:2      | beem: Bad nick mapping .
  1205 | D:2      | Wingboner: !nick wingboner
  1205 | D:2      | beem: Mapping wingboner => casual cyanbird assault inquiry wingboner
  1205 | D:2      | oplop: >петух-берсерк
  1249 | D:2      | Noticed Sigmund
  1437 | D:3      | Wingboner: &dump inquiry
  1439 | D:3      | beem: http://CRAWL.XTAHUA.COM/crawl/morgue/Inquiry/Inquiry.txt
  1439 | D:3      | Wingboner: Зайцени.
  1439 | D:3      | oplop: солидно
  1448 | D:3      | oplop: поющий меч для лулзов?
  1594 | D:3      | Wingboner: Не, он реально самое полезное в этом слоте, что я пока что нашёл.
  1688 | D:3      | oplop: збс
  1753 | D:3      | Found a stormy altar of Qazlal.
  1868 | D:3      | Wingboner: Ну правда, вот что вообще лучше?
  1876 | D:3      | Noticed Paulus's ghost (amateur FoFi)
  1880 | D:3      | Reached skill level 4 in Ice Magic
  1880 | D:3      | Reached XP level 5. HP: 33/33 MP: 3/9
  1916 | D:3      | oplop: ну да, меч хоть песенки поет
  1944 | D:3      | Wingboner: Он массовый урон наносит, когда вокруг много мобов.
  2101 | D:3      | Wingboner: Превращается в screaming sword и вопит.
  2105 | D:3      | Learned a level 3 spell: Ozocubu's Armour
  2106 | D:3      | oplop: да? забавно
  2107 | D:3      | Wingboner: ??screaming sword
  2107 | D:3      | beem: singing sword[1/4]: Unbranded +7 double sword that makes noises. Makes more noise and becomes "screaming sword" at high tension, dealing "sonic" (irresistable) damage to every enemy in LOS.
  2107 | D:3      | Wingboner: ??screaming sword[2
  2107 | D:3      | beem: singing sword[2/4]: The sonic damage is 1d2*1d2*1d3+1d3+1, multiplied by 2 if the sword screams, but capped at the lesser of 16 damage or 30% of the monster's max HP (50% for screams), with a minimum of 1. Damage is then multiplied by [your XL]/27 and [aut taken by your last action]/10.
  2501 | D:3      | Wingboner: Просто я мог бы взять вукад, но мана не заканчивается и так.
  2583 | D:4      | Found a sparkling altar of Nemelex Xobeh.
  2616 | D:4      | Wingboner: Мог бы взять усилитель магии, но все заклинания и так на 200 силы.
  2622 | D:4      | oplop: в рот этого таракана маму ебал
  2623 | D:4      | HP: 1/34 [poisoned by a worker ant]
  2624 | D:4      | Succumbed to a worker ant's poison

Vault maps used:
D:1:      dpeg_arrival_caged_fury
D:2:      old_standard_altar, uniq_sigmund
D:3:      marbit_many_paths, st_stairs_10, kennysheep_generic_room_8
D:4:      minmay_diamond_boxcup, nemelex_xobeh_ov_fountains_minmay,
          cheibrodos_ashenzari_chains, nicolae_ru_path_of_blood, first_ration

Skill      XL: |  1  2  3  4 |
---------------+-------------+-----
Fighting       | 1 |  1.8
Spellcasting   | 3 |  3.3
Ice Magic      | 4 |  4.2
Dodging        | |  2.8
Stealth        | |  2.6
Conjurations   | |  1.0

Action                   |  1- 3 |  4- 6 || total
-------------------------+-------+-------++-------
Melee: Unarmed           |    49 |    68 ||   117
       Constrict         |    18 |    19 ||    37
       Tentacles         |    11 |    10 ||    21
 Cast: Freeze            |    27 |    38 ||    65
  Use: Potion            |       |     3 ||     3
 Stab: Sleeping          |     6 |    10 ||    16
  Eat: Chunk             |       |     5 ||     5
Armor: Skin              |     5 |    15 ||    20
Dodge: Dodged            |    42 |    70 ||   112

Table legend:
 A = Spawn XP
 B = Non-spawn XP
 C = Spawn XP percentage of total XP
 D = Spawn monster count
 E = Non-spawn monster count
 F = Spawn count percentage of total count
 G = Total turns spent on level
                    A         B        C        D         E        F      G
               +---------+---------+-------+---------+---------+-------+---------
         Total |       0 |     252 |   0.0 |       0 |      63 |   0.0 |  2624
               +---------+---------+-------+---------+---------+-------+---------
           D:1 |       0 |      48 |   0.0 |       0 |      22 |   0.0 |   900
           D:2 |       0 |      91 |   0.0 |       0 |      18 |   0.0 |   622
           D:3 |       0 |      63 |   0.0 |       0 |      19 |   0.0 |  1000
           D:4 |       0 |      50 |   0.0 |       0 |       4 |   0.0 |   102
               +---------+---------+-------+---------+---------+-------+---------
